AoeStats
← Andrew Geek

Arabia

508498159Analyzed
1v1 RM · 9d ago on Sep 22, 2026· 32m 46s· 2 players
Game mode
Random Map
Map size
Tiny (2 player)
Population
200
Speed
Normal
Resources
Standard
Victory
Conquest
Starting age
Dark Age
Ending age
Imperial Age
RankedLock teamsTeams togetherTeam positionsShared explorationLock speedFull tech treeHidden civsTurbo modeCheats
Victory
Defeat
🇺🇸 Danes · United States
1329
+15
🇨🇴 Burgundians · Colombia
1310
-15
Andrew Geek
1:58 Loom
10:38 Feudal Age
10:07 Double-Bit Axe
12:44 Horse Collar
15:45 Fletching
22:57 Castle Age
21:09 Heavy Plow
21:43 Bow Saw
23:04 Wheelbarrow
22:21 Gold Mining
23:28 Cavalier
24:44 Scale Barding Armor
28:45 Hand Cart
Meesh
8:01 Loom
10:28 Feudal Age
11:13 Man-at-Arms
12:56 Double-Bit Axe
12:51 Horse Collar
16:24 Fletching
21:59 Castle Age
21:31 Padded Archer Armor
22:02 Gold Mining
23:05 Bloodlines
22:56 Husbandry
23:10 Bow Saw
23:00 Heavy Plow
24:21 Bodkin Arrow
26:11 Ballistics
26:33 Wheelbarrow
27:02 Thumb Ring
27:33 Leather Archer Armor
33:25 Hand Cart
Connection lost

Rejoining the realm…

Still unreachable

The connection could not be restored.

Session expired

The server has moved on; the page needs a fresh start.